 Dungeon Crawl Stone Soup version 0.23-a0-558-g30802b1 (webtiles) character file.

107 zishaf the Poker (level 4, -7/37 HPs)
             Began as a Merfolk Monk on Dec 12, 2018.
             Killed from afar by a white imp (10 damage)
             ... with a puff of frost
             ... summoned by Natasha
             ... on level 2 of the Dungeon.
             The game lasted 00:04:30 (1970 turns).

zishaf the Poker (Merfolk Monk)                     Turns: 1970, Time: 00:04:31

Health: -7/37      AC:  4    Str: 11    XL:     4   Next: 85%
Magic:  4/4        EV: 14    Int: 10    God:
Gold:   129        SH:  0    Dex: 16    Spells: 3/3 levels left

rFire    . . .     SeeInvis .   a - +0 spear
rCold    . . .     Gourm    .   (no shield)
rNeg     . . .     Faith    .   s - +0 leather armour
rPois    .         Spirit   .   h - +0 helmet
rElec    .         Reflect  .   (no cloak)
rCorr    .         Harm     .   (no gloves)
MR       .....                  (no boots)
Stlth    ++........             (no amulet)
HPRegen  0.12/turn              (no ring)
MPRegen  0.09/turn              (no ring)

@: no status effects
A: change form in water, swift swim, stealthy swim
a: no special abilities


You were on level 2 of the Dungeon.
You were not hungry.

You visited 1 branch of the dungeon, and saw 2 of its levels.

You collected 129 gold pieces.

Inventory:

Hand Weapons
 a - a +0 spear (weapon)
 l - a +0 hunting sling
Missiles
 m - 28 stones (quivered)
Armour
 b - a +0 robe
 h - a +0 helmet (worn)
 s - a +0 leather armour (worn)
Wands
 f - a wand of digging (6)
Scrolls
 d - 5 scrolls of remove curse {unknown}
 i - 3 scrolls of identify {unknown}
 k - a scroll of enchant weapon {unknown}
 p - 2 scrolls of amnesia {unknown}
 q - a scroll of enchant armour {unknown}
Potions
 e - a potion of berserk rage {unknown}
 g - 2 potions of lignification {unknown}
 j - a potion of curing {unknown}
 n - a potion of resistance {unknown}
 o - a potion of heal wounds {unknown}
Comestibles
 c - 5 rations


   Skills:
 + Level 4.0 Fighting
 + Level 5.5 Polearms
 + Level 5.0 Dodging
 + Level 3.4 Stealth


You had 3 spell levels left.
You didn't know any spells.
Your spell library was empty.

Dungeon Overview and Level Annotations

Branches:
Dungeon (2/15)

Altars:

Annotations:
D:2 Natasha


Message History

The puff of frost misses you. The white imp gestures at you.
The puff of frost hits you!
You closely miss Natasha.
Natasha is moderately wounded.
The white imp closely misses you. Natasha barely misses you.
You hit Natasha but do no damage.
Natasha is moderately wounded.
A jackal comes into view.
The white imp gestures at you. The puff of frost hits you!
* * * LOW HITPOINT WARNING * * *
The jackal barks!
You hit Natasha but do no damage.
Natasha is moderately wounded.
The white imp gestures at you. The puff of frost misses you.
Natasha barely misses you. The white imp gestures at you.
The puff of frost hits you!
You die...

........# ......................
........#..........>.............
...)....#....#h ##...............
........#....#. #...............
...<....#....#.####..............
...#.#..#....#...................
...#.##...........######.........
...#.#..........h5...............
...#.#....###...@5.....#.........
..##.#....#............#.........
.....#....#............#.........
..)..#.................##########
.#.)............#.#............##
.#..............#.#............##
.#..............#.#............##
.###.#'####....##.#............##
.# #.#.# #....##.#............##


You could see Natasha, 2 white imps and a jackal.

Vanquished Creatures
  Natasha (twice) (D:2)
  5 worms (D:2)
  A dart slug (D:1)
  4 giant cockroaches (D:1)
  6 hobgoblins
  3 jackals (D:2)
  5 bats
  A frilled lizard (D:1)
  8 goblins
  4 kobolds
  4 rats
43 creatures vanquished.

Notes
Turn   | Place    | Note
-------+----------+-------------------------------------------
     0 | D:1      | zishaf the Merfolk Monk began the quest for the Orb.
     0 | D:1      | Reached XP level 1. HP: 18/18 MP: 1/1
   120 | D:1      | Reached XP level 2. HP: 18/24 MP: 2/2
   656 | D:2      | Reached XP level 3. HP: 29/29 MP: 3/3
   821 | D:2      | Reached skill level 5 in Polearms
  1331 | D:2      | Noticed Natasha
  1345 | D:2      | Killed Natasha
  1345 | D:2      | Reached XP level 4. HP: 20/37 MP: 4/4
  1540 | D:2      | Noticed Natasha
  1553 | D:2      | Killed Natasha
  1821 | D:2      | Reached skill level 5 in Dodging
  1954 | D:2      | Noticed Natasha
  1970 | D:2      | Killed from afar by a white imp

Vault maps used:
D:1:      doesnt_arrival_eight_statues
D:2:      minmay_heptomino_l4, uniq_natasha

Skill      XL: |  1  2  3  4 |
---------------+-------------+-----
Polearms       | 5 |  5.5
Stealth        | 3 |  3.4
Fighting       | 4 |  4.0
Dodging        | 5 |  5.0

Action                   |  1- 3 |  4- 6 || total
-------------------------+-------+-------++-------
Melee: Spear             |   170 |    40 ||   210
 Stab: Sleeping          |     8 |     2 ||    10
  Eat: Chunk             |     1 |     3 ||     4
Armor: Robe              |    21 |     1 ||    22
       Leather armour    |       |     1 ||     1
Dodge: Dodged            |    74 |    27 ||   101

Table legend:
 A = Non-vault XP
 B = Vault XP
 C = Vault XP percentage of total XP
 D = Non-vault monster count
 E = Vault monster count
 F = Vault count percentage of total count
                 A         B        C        D         E       F
            +---------+---------+-------+---------+---------+-------
      Total |     110 |      43 |  28.1 |      39 |       4 |   9.3
            +---------+---------+-------+---------+---------+-------
        D:1 |      32 |       0 |   0.0 |      19 |       0 |   0.0
        D:2 |      78 |      43 |  35.5 |      20 |       4 |  16.7
            +---------+---------+-------+---------+---------+-------
